 Dungeon Crawl Stone Soup version 0.28.0-47-ge53b351184 (webtiles) character file.

Game seed: 17610401723939398254

3046 Kenran the Gouger (level 9, -3/40 HPs)
             Began as a Felid Transmuter on May 3, 2022.
             Was an Initiate of Ru.
             Killed from afar by an orc wizard (7 damage)
             ... with a magic dart
             ... on level 9 of the Dungeon.
             The game lasted 00:33:10 (12741 turns).

Kenran the Gouger (Felid Transmuter)               Turns: 12741, Time: 00:33:11

Health: -3/40      AC:  2    Str:  6    XL:     9   Next: 56%
Magic:  21/23      EV: 40    Int: 19    God:    Ru [......]
Gold:   472        SH:  0    Dex: 21    Spells: 6/14 levels left
                                        Lives:  0   Deaths: 2

rFire   . . .      SeeInvis +     - Unarmed
rCold   . . .      Faith    .   (shield unavailable)
rNeg    . . .      Spirit   .   (armour unavailable)
rPois   x          Reflect  .   (helmet unavailable)
rElec   .          Harm     .   (cloak unavailable)
rCorr   .          Rampage  .   (gloves unavailable)
Will    +....                   (boots unavailable)
Stlth   ++++......              g - amulet of the acrobat
HPRegen 0.13/turn               l - +4 ring of slaying
MPRegen 0.18/turn               r - ring of magical power

@: spider-form, acrobatic
A: venomous fangs, tiny, (claws 1), (fangs 3), see invisible, (speed 1), (shaggy
fur 2), disrupted magic 1, (stealthy paws), no weapons or thrown items, no
armour, multi-lived
a: End Transformation, Renounce Religion


You were on level 9 of the Dungeon.
You worshipped Ru.
Ru was noncommittal.
You were a venomous arachnid creature.
You visited 2 branches of the dungeon, and saw 10 of its levels.

You collected 472 gold pieces.

Inventory:

Jewellery
 g - an amulet of the acrobat (around neck)
 l - a +4 ring of slaying (left front leg)
 r - a ring of magical power (right front leg)
Wands
 h - a wand of iceblast (1)
 t - a wand of mindburst (10)
Scrolls
 a - 4 scrolls of teleportation
 e - a scroll of immolation {!r}
 i - a scroll of holy word {unknown}
 k - 2 scrolls of summoning
 n - 2 scrolls of fog
 o - a scroll of amnesia {unknown}
 p - a scroll of torment {unknown}
Potions
 b - 3 potions of invisibility
 c - a potion of attraction {!q}
 d - 5 potions of curing {@q1}
 f - 2 potions of haste
 j - a potion of might {unknown}
 m - a potion of flight {unknown}
 q - a potion of berserk rage {unknown}
 s - a potion of cancellation {unknown}


   Skills:
 - Level 5.0 Fighting
 + Level 6.8 Dodging
 - Level 7.0 Stealth
 * Level 9.6 Unarmed Combat
 - Level 3.0 Spellcasting
 - Level 7.0 Transmutations
 - Level 2.0 Ice Magic
 - Level 1.0 Poison Magic


You had 6 spell levels left.
You knew the following spells:

 Your Spells              Type           Power      Damage    Failure   Level
a - Beastly Appendage     Tmut           58%        N/A       8%          1
b - Spider Form           Tmut/Pois      18%        N/A       30%         3
c - Ice Form              Ice/Tmut       19%        N/A       54%         4

Your spell library contained the following spells:

 Spells                   Type           Power      Damage    Failure   Level
 Wereblood                Tmut           29%        N/A       10%         2
 Passwall                 Tmut/Erth      13%        N/A       22%         2
 Ensorcelled Hibernation  Hex/Ice        12%        N/A       43%         2
 Frozen Ramparts          Ice            20%        1d4       50%         3
 Call Canine Familiar     Summ           2%         N/A       71%         3
 Swiftness                Air            2%         N/A       71%         3
 Summon Ice Beast         Ice/Summ       6%         N/A       90%         4
 Fulminant Prism          Conj/Hex       1%         3d6       96%         4
 Iskenderun's Mystic Bla  Conj/Tloc      2%         2d3       96%         4
 Leda's Liquefaction      Hex/Erth       1%         N/A       96%         4
 Lee's Rapid Deconstruct  Erth           1%         3d5*      100%        5
 Portal Projectile        Hex/Tloc       Unusable   N/A       N/A         3

Dungeon Overview and Level Annotations

Branches:
Dungeon (9/15)             Temple (1/1) D:5            Lair (0/6) D:9
    Orc: D:9-12

Altars:
Ashenzari
Cheibriados
Elyvilon
Fedhas
Gozag
Hepliaklqana
Kikubaaqudgha
Makhleb
Nemelex Xobeh
Okawaru
Qazlal
Ru
Sif Muna
Trog
Uskayaw
Vehumet
Wu Jian
Yredelemnul
Zin
The Shining One

Shops:
D:5 ?

Annotations:
D:2 ogre, Natasha
D:4 exclusion: ogre
D:5 1 runed translucent door, exclusion: statue, supermoro's ghost, weakling DECj


Innate Abilities, Weirdness & Mutations

You are a venomous arachnid creature.
You have poisonous fangs.
You are tiny and dextrous.
Your spellcasting is less reliable in this form.
((You have sharp claws.))
((You have razor-sharp teeth.))
You have supernaturally acute eyesight. (SInv)
((You cover ground quickly. (Speed+)))
((You are covered in thick fur. (AC +2)))
Your casting is slightly disrupted.
((Your paws help you pounce on unaware monsters.))
You are incapable of wielding weapons or throwing items.
You cannot wear armour.
You gain extra lives every three experience levels.


Message History

The yak is lightly wounded.
The yak gores you.
Items here: ††††.
Your transformation is almost over.
You hit the yak but do no damage.
The yak is severely wounded.
You kill the yak!
Training target 7.0 for Stealth reached!
Training target 2.0 for Ice Magic reached!
Your Stealth skill increases to level 7!
Your Ice Magic skill increases to level 2!
Your transformation has ended.
There is an open door here.
A water moccasin comes into view.
There is an open door here.
An orc wizard and an orc come into view.
Found 22 gold pieces.
The orc wizard shouts!
There is an open door here.
An orc wizard comes into view. It is wielding a +0 dagger.
An orc comes into view. It is wielding a +0 flail.
The orc wizard moves out of view.
Casting: Spider Form (dangerous; 13% risk of failure)
Confirm with . or Enter, or press ? or * to list all spells.
You turn into a venomous arachnid creature.
The orc shouts!
You barely miss the orc. The orc misses you.
You bite the orc!
You kill the orc!
You barely miss the orc wizard.
The orc wizard hits you with a +0 dagger.
You hit the orc wizard.
The orc wizard is poisoned.
The orc wizard is lightly wounded.
You hit the yak.
The yak is lightly wounded.
The orc wizard completely misses you. The yak gores you!
* * * LOW HITPOINT WARNING * * *
The orc wizard points at you and mumbles some strange words.
The magic dart hits you!
You die...

#...... ########
#...... #.$....
#...... #.....
#...... #.... +......
..o #...... #o#
###'### ##.# #..##
#sY# ##... ####'####
##### #.......#
###.... #.......#
##._.... #.......#
###..#.... #.......#
##.S.##....
#.......###..####....
#.......##..## #....
#.......#..## #....


You could see a yak and 2 orc wizards.

Vanquished Creatures
  Joseph (D:8)
  3 yaks
  2 wyverns (D:8)
  A steam dragon (D:7)
  3 water moccasins
  2 orc warriors
  A sky beast (D:7)
  2 ice beasts (D:4)
  3 ogres
  A necrophage (D:4)
  2 centaurs
  3 kobold brigands
  A bullfrog (D:7)
  8 killer bees
  2 hounds
  An orc priest (D:8)
  A gnoll shaman (D:7)
  A jelly (D:6)
  A centaur skeleton (D:6)
  2 iguanas
  10 orc wizards
  A killer bee zombie (D:9)
  A hound zombie (D:4)
  2 howler monkey zombies
  7 gnolls
  4 adders
  A shadow imp (D:6)
  An ufetubus (D:4)
  2 worms
  2 dart slugs
  33 orcs
  11 ball pythons
  4 bats
  9 endoplasms
  7 giant cockroaches
  6 goblins
  7 hobgoblins
  24 kobolds
  3 quokkas (D:4)
  4 frilled lizards
  A quokka skeleton (D:4)
  2 rats
183 creatures vanquished.

Vanquished Creatures (collateral kills)
  2 killer bees (D:8)
2 creatures vanquished.

Vanquished Creatures (others)
  5 fungi (D:9)
  23 plants
28 creatures vanquished.

Grand Total: 213 creatures vanquished

Notes
Turn   | Place    | Note
-------+----------+-------------------------------------------
     0 | D:1      | Kenran the Felid Transmuter began the quest for the Orb.
     0 | D:1      | Reached XP level 1. HP: 9/9 MP: 4/4
    33 | D:1      | Reached skill level 1 in Stealth
   211 | D:1      | Found a faded altar of an unknown god.
   288 | D:1      | Reached XP level 2. HP: 9/12 MP: 4/6
  1294 | D:2      | Reached XP level 3. HP: 14/15 MP: 5/7
  1662 | D:2      | Reached skill level 4 in Unarmed Combat
  1882 | D:2      | Noticed Natasha
  2227 | D:3      | Learned a level 3 spell: Spider Form
  2362 | D:3      | Found an opulent altar of Gozag.
  2711 | D:3      | Reached XP level 4. HP: 19/19 MP: 6/8
  3293 | D:3      | Identified the +7 whip of Arrival {flame, Dex+4}
  3458 | D:4      | Noticed an ogre
  4438 | D:2      | Mangled by an ogre
  4439 | D:2      | Reached XP level 3. HP: -6/15 MP: 7/7
  4870 | D:4      | Noticed an ogre
  4987 | D:4      | Reached XP level 4. HP: 19/19 MP: 6/8
  5002 | D:4      | Noticed an ogre
  5574 | D:4      | Reached XP level 5. HP: 13/22 MP: 7/9
  5684 | D:4      | Noticed an ogre
  5721 | D:4      | Killed an ogre
  5722 | D:4      | Reached skill level 5 in Unarmed Combat
  5773 | D:4      | Reached skill level 1 in Poison Magic
  5779 | D:4      | Gained mutation: You are covered in thick fur. (AC +2)
                  | [Felid growth]
  5779 | D:4      | Reached XP level 6. HP: 6/26 MP: 10/10
  6456 | D:4      | Noticed an ice beast
  6470 | D:4      | Killed an ice beast
  6471 | D:4      | Reached skill level 6 in Unarmed Combat
  6588 | D:4      | Reached XP level 7. HP: 30/30 MP: 9/11
  6664 | D:4      | Reached skill level 5 in Stealth
  6816 | D:5      | Entered Level 5 of the Dungeon
  6828 | D:5      | Found a runed translucent door.
  6830 | D:5      | Noticed supermoro's ghost (weakling DECj)
  6889 | D:5      | Found a radiant altar of Vehumet.
  6903 | D:5      | Found a staircase to the Ecumenical Temple.
  6912 | Temple   | Entered the Ecumenical Temple
  6972 | Temple   | Became a worshipper of Ru the Awakened
  7048 | D:5      | Reached skill level 7 in Unarmed Combat
  7292 | D:5      | Found Yfavva's Magic Scroll Boutique.
  7657 | D:6      | Found a broken altar of Ashenzari.
  7804 | D:6      | Reached XP level 8. HP: 34/34 MP: 9/12
  7815 | D:6      | Reached skill level 5 in Transmutations
  7851 | D:6      | Found a hazy altar of Hepliaklqana.
  7873 | D:6      | Reached skill level 8 in Unarmed Combat
  8343 | D:6      | Identified the +1 leather armour "Zuxeseil" {Will+ Regen+}
  8454 | D:6      | Learned a level 4 spell: Ice Form
  9660 | D:7      | Gained mutation: Your casting is slightly disrupted. [Ru
                  | sacrifice]
 10089 | D:7      | Found a snail-covered altar of Cheibriados.
 10137 | D:7      | Slain by a steam dragon
 10138 | D:7      | Reached XP level 7. HP: -1/31 MP: 20/20
 10376 | D:8      | Noticed a steam dragon
 10407 | D:7      | Killed a steam dragon
 10408 | D:7      | Reached XP level 8. HP: 7/34 MP: 12/12
 10760 | D:8      | Noticed Joseph
 10793 | D:8      | Killed Joseph
 10794 | D:8      | Reached skill level 5 in Dodging
 10794 | D:8      | Reached skill level 9 in Unarmed Combat
 11209 | D:8      | HP: 1/36 [killer bee (9)]
 11462 | D:8      | Reached XP level 9. HP: 40/40 MP: 14/14
 11612 | D:8      | Found a burning altar of Makhleb.
 11780 | D:8      | Reached skill level 5 in Fighting
 12141 | D:9      | Reached skill level 1 in Ice Magic
 12178 | D:9      | Found a blossoming altar of Fedhas.
 12657 | D:9      | Found a staircase to the Lair.
 12741 | D:9      | Killed from afar by an orc wizard

Illustrated notes

Levels and vault maps discovered:
D:1:      pf_arrival_petrified_forest, layout_loops_corners,
          basic_ecumenical_altar
D:2:      layout_loops_ring, uniq_natasha
D:3:      layout_basic, mainiacjoe_overflow_paths
D:4:      cheibrodos_barr_body, layout_rooms, nrook_uturn, serial_bayou_pond_d,
          minmay_fountain_box
D:5:      layout_rooms, vehumet_statue, minmay_temple_entry_antechambers,
          serial_shops, nicolae_shop_hallway_stairs,
          hellmonk_ghost_happy_afterlife, uniq_crazy_yiuf_cottage
D:6:      layout_basic, mainiacjoe_overflow_surrounded_room,
          kennysheep_little_box, serial_bayou_crossing
D:7:      layout_basic, cheibriados_altar_1
D:8:      layout_rooms, lightli_temple_of_fire, hangedman_abyss_or_decor_stabs,
          uniq_joseph
D:9:      layout_roguey, overflow_temple_1_default,
          mainiacjoe_overflow_alcove_4, minmay_lair_entry_grove
Temple:   cyrus_circular_temple

Skill      XL: |  1  2  3  4  5  6  7  8  9 |
---------------+----------------------------+-----
Stealth        | 2 3 4 5 6 7 |  7.0
Unarmed Combat | 4 5 6 7 9 |  9.6
Dodging        | 3 6 |  6.8
Transmutations | 3 4 6 7 |  7.0
Fighting       | 2 3 4 5 |  5.0
Poison Magic   | 1 |  1.0
Spellcasting   | 3 |  3.0
Ice Magic      | 2 |  2.0

Action                   |  1- 3 |  4- 6 |  7- 9 || total
-------------------------+-------+-------+-------++-------
Melee: Unarmed           |   111 |   166 |   258 ||   535
       Bite              |     8 |    10 |     6 ||    24
       Headbutt          |     7 |    21 |       ||    28
       Punch             |     2 |     3 |     3 ||     8
 Cast: Beastly Appendage |    21 |    13 |       ||    34
       Spider Form       |       |     7 |    33 ||    40
       Ice Form          |       |       |     2 ||     2
Invok: Sacrifice Essence |       |       |     1 ||     1
Evoke: Wand              |     1 |       |     3 ||     4
  Use: Scroll            |     7 |       |     4 ||    11
       Potion            |       |       |     4 ||     4
 Stab: Sleeping          |     8 |     6 |     3 ||    17
Armor: Skin              |     4 |    10 |    16 ||    30
Dodge: Dodged            |    72 |   119 |   214 ||   405
